 Dungeon Crawl Stone Soup version 0.18.1-50-g88ac8fd (webtiles) character file.

34794 kengeki the Martial Artist (level 13, -19/106 HPs)
             Began as a Merfolk Transmuter on Nov 3, 2016.
             Was a High Priest of Sif Muna.
             Demolished by a torpor snail (22 damage)
             ... on level 8 of the Lair of Beasts on Nov 4, 2016.
             The game lasted 06:07:16 (29459 turns).

kengeki the Martial Artist (Merfolk Transmuter)    Turns: 29459, Time: 06:07:16

Health: -19/106    AC:  8    Str: 10    XL:     13   Next: 79%
Magic:  19/23      EV: 20    Int: 16    God:    Sif Muna [*****.]
Gold:   1007       SH:  0    Dex: 16    Spells: 7 memorised, 6 levels left

rFire  + . .     SeeInvis .       - Unarmed
rCold  . . .     Gourm    .     t - +2 robe {rF+}
rNeg   . . .     Faith    .     (shield currently unavailable)
rPois  .         Spirit   .     (no helmet)
rElec  .         Dismiss  .     i - +0 cloak
rCorr  .         Reflect  .     (gloves currently unavailable)
SustAt .         Harm     .     (no boots)
MR     +....                    (no amulet)
Stlth  ++........               C - +3 ring of protection
                                S - ring of protection from magic

@: blade hands, very slightly contaminated, hasted and slowed, somewhat
resistant to hostile enchantments, unstealthy
A: change form in water, swift swim
a: End Transformation, Channel Energy, Forget Spell, Renounce Religion


You were on level 8 of the Lair of Beasts.
You worshipped Sif Muna.
Sif Muna was extremely pleased with you.
You were very hungry.
You had blades for hands.
You visited 3 branches of the dungeon, and saw 19 of its levels.

You collected 1007 gold pieces.

Inventory:

Missiles
 j - 25 arrows
Armour
 i - a +0 cloak (worn)
 t - a +2 robe of fire resistance (worn)
 E - a +0 pair of gloves (melded)
Magical Staves
 b - an uncursed staff of wizardry
Jewellery
 q - an uncursed ring of ice
 C - a +3 ring of protection (right scythe-like blade)
 H - an uncursed ring of positive energy
 S - a ring of protection from magic (left scythe-like blade)
Wands
 g - a wand of slowing (17/48)
 p - a wand of flame (0/48)
 s - a wand of flame (9/48)
 x - a wand of flame (26/48)
 I - a wand of teleportation (5/9)
 P - a wand of flame (3/48)
 R - a wand of teleportation (6/9)
Scrolls
 f - a scroll of identify
 l - 2 scrolls of amnesia
 m - 6 scrolls of remove curse
 r - 2 scrolls of magic mapping
 u - 3 scrolls of recharging
 v - a scroll of holy word
 N - a scroll of fog
 W - a scroll of teleportation
Potions
 a - a potion of invisibility
 c - a potion of lignification
 e - 3 potions of curing
 h - 3 potions of brilliance
 n - 2 potions of cancellation
 w - a potion of magic
 K - a potion of heal wounds
 Y - a potion of agility
Miscellaneous
 L - a legendary deck of wonders {Wild Magic}
Comestibles
 d - 13 bread rations
 k - 17 fruits
 o - 2 meat rations


   Skills:
 + Level 11.1 Fighting
 + Level 11.6 Dodging
 + Level 11.7 Unarmed Combat
 + Level 6.7 Spellcasting
 - Level 4.0 Conjurations
 + Level 3.5 Translocations
 + Level 11.1 Transmutations
 - Level 4.0 Ice Magic
 - Level 4.0 Air Magic
 - Level 5.0 Poison Magic
 - Level 3.0 Invocations
 - Level 5.0 Evocations


You had 6 spell levels left.
You knew the following spells:

 Your Spells              Type           Power        Failure   Level  Hunger
a - Apportation           Tloc           ###.......   28%         1    None
b - Sticks to Snakes      Trmt           #####...     10%         2    None
e - Blade Hands           Trmt           #####.....   32%         5    #####..
g - Beastly Appendage     Trmt           #####.       10%         1    None
i - Ice Form              Ice/Trmt       ####....     41%         4    ####...
m - Mephitic Cloud        Conj/Pois/Air  ###.....     41%         3    ##.....
s - Spider Form           Trmt/Pois      ####......   17%         3    ##.....


Dungeon Overview and Level Annotations

Branches:
Dungeon (10/15)            Temple (1/1) D:5            Lair (8/8) D:9
 Shoals (0/4) Lair:6       Spider (0/4) Lair:6        Slime (0/6) Lair:7
    Orc (0/2) D:9

Altars:
Ashenzari
Cheibriados
Dithmenos
Elyvilon
Fedhas
Gozag
Kikubaaqudgha
Makhleb
Nemelex Xobeh
Okawaru
Pakellas
Qazlal
Ru
Sif Muna
Trog
Vehumet
Xom
Yredelemnul
Zin
The Shining One
Beogh
Jiyva

Shops:
D:4 (

Annotations:
D:9 exclusion: downstairs
D:10 Nergalle
Lair:7 exclusion: downstairs


Message History

The death yak is severely wounded.
The death yak completely misses you. The torpor snail bites you!
Unknown command.
Unknown command.
Drink which item? (? for menu, Esc to quit)
You feel yourself speed up. The death yak gores you!
The torpor snail closely misses you.
You are very lightly contaminated with residual magic.
Unknown command.
You hit the death yak.
The death yak is almost dead.
The death yak gores you!
* * * LOW HITPOINT WARNING * * *
Unknown command.
You hit the death yak.
The death yak is almost dead.
The death yak gores you!!
* * * LOW HITPOINT WARNING * * *
The torpor snail bites you!!
You die...

#.#PP###.#..#..#.###.*,,*,,,*
#.....##.P....P..#...,,,,,,,, *
#....................,..,,,,, **
#........##.........,...,**,, ,**
#........P#.P.#...#*...#***,*
,,*##................###...#*****
,,*#................PPPPP..,*#...
,**#...<............P.PP..###....
***#............@Y....#.P.P#.....
*#..........P..w##...##....#.....
#..............#.#.#.##..........
#.................##÷#...........
P.......................Y≈.....P.
P..................w..≈≈≈≈≈≈.≈..#
......................≈≈≈≈≈≈≈...Y
.....................≈≈≈≈≈≈≈≈≈...
,,,,,,,,,,,,...^....w≈≈≈..≈≈≈≈...


You could see a death yak and a torpor snail.

Vanquished Creatures
  3 hydras
  A catoblepas (Lair:4)
  A death yak (Lair:8)
  4 elephants (Lair:6)
  5 black mambas
  10 spiny frogs
  12 komodo dragons
  A rime drake (Lair:2)
  The ghost of septik the Skirmisher, an amateur MiBe of Trog (D:4)
  A two-headed ogre (D:7)
  3 blink frogs (Lair:4)
  A snapping turtle (Lair:6)
  2 wyverns
  5 wraiths (Lair:5)
  36 yaks
  A vampire (D:9)
  A redback (Lair:6)
  A hungry ghost (D:8)
  3 basilisks
  A human (D:7)
  A steam dragon (D:8)
  6 hippogriffs
  The ghost of jombi the Magician, an amateur DEFE (D:3)
  16 water moccasins
  4 orc warriors
  6 porcupines
  2 sky beasts
  A black bear (D:8)
  2 ice beasts
  2 phantoms
  A necrophage (D:9)
  8 ogres
  21 wolves
  An eye of draining (D:9)
  3 centaurs (D:9)
  15 crocodiles
  3 big kobolds (D:7)
  9 giant frogs
  2 scorpions
  A howler monkey (D:4)
  4 electric eels (D:7)
  2 crimson imps
  3 centaur skeletons
  A giant frog zombie (D:7)
  4 jellies
  8 orc priests
  Crazy Yiuf (D:6)
  4 hounds
  7 orc wizards
  A giant frog skeleton (D:9)
  20 iguanas
  12 worker ants
  35 sheep
  A killer bee zombie (D:6)
  2 hound zombies
  A hound skeleton (D:4)
  3 howler monkey skeletons
  2 worker ant zombies (D:6)
  3 gnolls (D:8)
  11 adders
  43 river rats
  2 shadow imps
  10 white imps (Lair:5)
  An ooze (D:2)
  An adder skeleton (D:4)
  8 worms
  A dart slug (D:1)
  5 giant geckos
  64 orcs
  11 giant cockroaches
  6 goblins
  5 hobgoblins
  15 jackals
  3 quokkas
  8 ball pythons
  11 bats
  A giant gecko zombie (D:6)
  6 giant newts
  2 gnoll zombies (D:9)
  16 kobolds
  5 rats
  A butterfly (Lair:7)
  A fungus (D:6)
  A plant (Lair:1)
550 creatures vanquished.

Vanquished Creatures (collateral kills)
  Josephine (Lair:5)
  A hydra (Lair:7)
  An elephant (Lair:6)
  2 spiny frogs
  A komodo dragon (Lair:1)
  2 blink frogs (Lair:4)
  4 yaks
  A hungry ghost (D:9)
  A basilisk (Lair:1)
  A hippogriff (Lair:7)
  A crocodile (Lair:3)
  2 electric eels
  A howler monkey (D:8)
  2 orc wizards (D:8)
  A sheep (Lair:3)
  4 river rats
  2 white imps (Lair:5)
  4 orcs
  A giant cockroach (Lair:6)
  3 butterflies (Lair:7)
  A fungus (Lair:6)
37 creatures vanquished.

Vanquished Creatures (others)
  A goblin (D:1)
  5 fungi
  7 plants
13 creatures vanquished.

Grand Total: 600 creatures vanquished

Notes
Turn   | Place    | Note
--------------------------------------------------------------
     0 | D:1      | kengeki the Merfolk Transmuter began the quest for the Orb.
     0 | D:1      | Reached XP level 1. HP: 15/15 MP: 3/3
   123 | D:1      | Reached XP level 2. HP: 21/21 MP: 3/5
   797 | D:2      | Reached XP level 3. HP: 16/27 MP: 4/6
   962 | D:2      | Learned a level 3 spell: Spider Form
  1621 | D:2      | Reached XP level 4. HP: 28/34 MP: 5/7
  1913 | D:2      | Reached skill level 1 in Poison Magic
  2473 | D:3      | Noticed jombi's ghost (amateur DEFE)
  2930 | D:3      | Reached XP level 5. HP: 29/40 MP: 8/8
  3825 | D:3      | Found a burning altar of Makhleb.
  3827 | D:3      | Noticed a green death
  3831 | D:3      | Noticed an orange demon
  3831 | D:3      | Noticed a hellwing
  4036 | D:4      | Found Wueniv's Antique Weapon Emporium.
  4083 | D:4      | Noticed an ogre
  4118 | D:3      | Killed jombi's ghost
  4118 | D:3      | Reached XP level 6. HP: 36/48 MP: 7/9
  4172 | D:4      | Reached skill level 5 in Transmutations
  4179 | D:4      | Learned a level 5 spell: Blade Hands
  4312 | D:4      | Found a stormy altar of Qazlal.
  4332 | D:4      | Noticed septik's ghost (amateur MiBe)
  4777 | D:4      | Reached skill level 5 in Unarmed Combat
  5021 | D:4      | Found a snail-covered altar of Cheibriados.
  5021 | D:4      | Found an opulent altar of Gozag.
  5570 | D:4      | Reached XP level 7. HP: 50/54 MP: 10/10
  5673 | D:5      | Entered Level 5 of the Dungeon
  5788 | D:5      | Found a staircase to the Ecumenical Temple.
  5893 | Temple   | Entered the Ecumenical Temple
  6206 | Temple   | Became a worshipper of Sif Muna the Loreminder
  6418 | D:5      | HP: 1/54 [ice beast (10)]
  7346 | D:4      | Killed septik's ghost
  7346 | D:4      | Reached * piety under Sif Muna
  7346 | D:4      | Reached XP level 8. HP: 45/61 MP: 6/11
  7632 | D:5      | Learned a level 2 spell: Sticks to Snakes
  7874 | D:5      | Found a shimmering altar of Xom.
  8208 | D:6      | Found a shattered altar of Ashenzari.
  8389 | D:6      | Reached skill level 5 in Fighting
  9522 | D:6      | Noticed Crazy Yiuf
  9527 | D:6      | Killed Crazy Yiuf
 10033 | D:7      | Reached XP level 9. HP: 65/69 MP: 3/14
 10060 | D:6      | Learned a level 3 spell: Mephitic Cloud
 10604 | D:7      | Reached skill level 1 in Conjurations
 10905 | D:7      | Reached skill level 1 in Air Magic
 11469 | D:7      | Reached ** piety under Sif Muna
 11727 | D:7      | Got a dazzling dagger
 12598 | D:8      | Found a shadowy altar of Dithmenos.
 12630 | D:8      | Noticed a two-headed ogre
 12655 | D:7      | Killed a two-headed ogre
 12671 | D:7      | Reached *** piety under Sif Muna
 12671 | D:7      | Reached XP level 10. HP: 60/76 MP: 10/16
 12873 | D:8      | Reached skill level 1 in Evocations
 12980 | D:8      | Reached skill level 5 in Poison Magic
 13156 | D:7      | Learned a level 4 spell: Ice Form
 13724 | D:8      | Found a roughly hewn altar of Beogh.
 13732 | D:8      | Reached skill level 1 in Ice Magic
 14460 | D:9      | Found a staircase to the Orcish Mines.
 14495 | D:9      | Reached skill level 5 in Spellcasting
 14674 | D:9      | Reached **** piety under Sif Muna
 15304 | D:9      | Reached skill level 1 in Invocations
 15351 | D:9      | Found a staircase to the Lair.
 15667 | D:9      | Found a basalt altar of Yredelemnul.
 15732 | D:9      | Reached skill level 5 in Dodging
 15791 | D:10     | Entered Level 10 of the Dungeon
 16529 | D:10     | Noticed a hill giant
 16533 | D:10     | Noticed Nergalle
 16576 | Lair:1   | Entered Level 1 of the Lair of Beasts
 16592 | Lair:1   | HP: 3/77 [komodo dragon (18)]
 16948 | D:9      | Reached XP level 11. HP: 69/83 MP: 10/18
 18117 | Lair:1   | Identified a scroll of acquirement
 19465 | Lair:2   | Learned a level 1 spell: Apportation
 19674 | Lair:2   | Reached skill level 1 in Translocations
 19861 | Lair:2   | Reached XP level 12. HP: 95/95 MP: 12/19
 20084 | Lair:2   | Noticed a five-headed hydra
 21523 | Lair:3   | Reached skill level 10 in Unarmed Combat
 22532 | Lair:2   | Killed a five-headed hydra
 22644 | Lair:1   | Reached skill level 5 in Evocations
 23120 | Lair:4   | Reached skill level 10 in Dodging
 23682 | Lair:5   | Reached skill level 10 in Fighting
 23721 | Lair:4   | Noticed a catoblepas
 23789 | Lair:5   | Noticed Josephine
 23807 | Lair:5   | Killed Josephine
 23831 | Lair:5   | Reached XP level 13. HP: 102/103 MP: 14/21
 23920 | Lair:5   | Reached skill level 10 in Transmutations
 23997 | Lair:4   | Reached ***** piety under Sif Muna
 26051 | Lair:6   | Found a hole to the Spider Nest.
 26935 | Lair:6   | Found a staircase to the Shoals.
 27823 | Lair:8   | Entered Level 8 of the Lair of Beasts
 28055 | Lair:7   | Found a runed door.
 28057 | Lair:7   | Found a viscous altar of Jiyva.
 28860 | Lair:7   | Found a staircase to the Slime Pits.
 29459 | Lair:8   | HP: 3/106 [death yak (20)]
 29459 | Lair:8   | Demolished by a torpor snail

Skill      XL: |  1  2  3  4  5  6  7  8  9 10 11 12 13 |
---------------+----------------------------------------+-----
Transmutations | 3 4 6 9 11 | 11.1
Fighting       | 2 3 4 5 6 9 10 11 | 11.1
Poison Magic   | 2 4 5 |  5.0
Unarmed Combat | 4 5 6 7 9 10 11 | 11.7
Dodging        | 3 4 5 8 10 11 | 11.6
Spellcasting   | 3 4 5 6 |  6.7
Conjurations   | 3 4 |  4.0
Air Magic      | 3 4 |  4.0
Evocations     | 3 5 |  5.0
Ice Magic      | 4 |  4.0
Invocations    | 3 |  3.0
Translocations | 1 3 |  3.5

Action                   |  1- 3 |  4- 6 |  7- 9 | 10-12 | 13-15 || total
-------------------------+-------+-------+-------+-------+-------++-------
Melee: Unarmed           |    96 |   257 |   346 |   869 |   308 ||  1876
       Headbutt          |     8 |    33 |    36 |    13 |       ||    90
       Punch             |       |     7 |     6 |    11 |     1 ||    25
       Tailslap          |       |       |     2 |       |       ||     2
 Cast: Beastly Appendage |    25 |    52 |    37 |    23 |       ||   137
       Spider Form       |     2 |    10 |     3 |     3 |       ||    18
       Blade Hands       |       |       |    25 |    40 |     3 ||    68
       Mephitic Cloud    |       |       |     4 |    35 |       ||    39
       Sticks to Snakes  |       |       |       |   109 |    98 ||   207
       Ice Form          |       |       |       |    61 |    57 ||   118
       Apportation       |       |       |       |    16 |    33 ||    49
Invok: Channel Energy    |       |       |     1 |    84 |    31 ||   116
 Abil: End Transformatio |       |       |       |     4 |       ||     4
Evoke: Wand              |       |       |       |     3 |       ||     3
  Use: Scroll            |     8 |     8 |    10 |    14 |     5 ||    45
       Potion            |       |     3 |     2 |     2 |     1 ||     8
 Stab: Confused          |       |       |     3 |     6 |       ||     9
       Invisible         |       |       |       |     1 |       ||     1
       Sleeping          |       |       |       |     1 |       ||     1
       Distracted        |       |       |       |     9 |     7 ||    16
  Eat: Chunk             |     3 |    16 |    22 |    76 |    25 ||   142
       Beef jerky        |       |       |     3 |     1 |     1 ||     5
       Pizza             |       |       |     1 |     4 |       ||     5
       Fruit             |       |       |     6 |       |     1 ||     7
       Royal jelly       |       |       |     1 |       |       ||     1
       Meat ration       |       |       |       |       |     1 ||     1
Armor: Robe              |    20 |    47 |    29 |    73 |       ||   169
       Skin              |       |       |    12 |    56 |    34 ||   102
Dodge: Dodged            |    82 |   171 |   187 |   429 |   165 ||  1034
